 Dungeon Crawl Stone Soup version 0.23-b1-13-gf37ab262a9 (webtiles) character file.

Game seed: 11677674683994513342

774 Oravi the Carver (level 7, -1/63 HPs)
             Began as a Naga Warper on Feb 2, 2019.
             Slain by a river rat (2 damage)
             ... summoned by Eustachio
             ... on level 3 of the Dungeon.
             The game lasted 00:25:06 (4735 turns).

Oravi the Carver (Naga Warper)                      Turns: 4735, Time: 00:25:07

Health: -1/63      AC:  5    Str:  8 (9)  XL:     7   Next: 84%
Magic:  10/10      EV:  9    Int: 15 (16) God:
Gold:   152        SH:  0    Dex:  9 (10) Spells: 3/10 levels left

rFire    . . .     SeeInvis +   a - +0 falchion
rCold    . . .     Gourm    .   (no shield)
rNeg     . . .     Faith    .   u - +0 animal skin
rPois    +         Spirit   .   v - +0 helmet
rElec    .         Reflect  .   (no cloak)
rCorr    .         Harm     .   (no gloves)
MR       .....                  (no barding)
Stlth    +.........             (no amulet)
HPRegen  0.20/turn              y - -4 ring of strength (curse)
MPRegen  0.12/turn              (no ring)

@: about to teleport, very heavily drained, very slow
A: large, rugged brown scales 1, see invisible, deformed body, poison
resistance, slowness 2, slow metabolism 1, spit poison 1, AC +2
a: Spit Poison


You were on level 3 of the Dungeon.
You were not hungry.

You visited 1 branch of the dungeon, and saw 4 of its levels.

You collected 152 gold pieces.

Inventory:

Hand Weapons
 a - a +0 falchion (weapon)
 b - a +1 hunting sling of velocity
 q - a +0 hunting sling
 r - a +0 blowgun
Missiles
 e - 5 tomahawks of dispersal
 g - 50 bolts
 i - 66 stones (quivered)
 j - 24 sling bullets
 o - 23 arrows
Armour
 k - a +0 leather armour
 p - a +0 ring mail
 u - a +0 animal skin (worn)
 v - a +0 helmet (worn)
 w - a +0 ring mail
 x - a +0 chain mail
Jewellery
 y - a cursed -4 ring of strength (left hand)
Wands
 m - a wand of iceblast (3)
Scrolls
 d - 3 scrolls of blinking
 h - 2 scrolls of identify {@r1}
 n - a scroll of enchant weapon
Potions
 c - a potion of cancellation
 t - a potion of degeneration
Comestibles
 f - 5 rations
 s - a chunk of flesh


   Skills:
 + Level 3.4(0.0) Fighting
 + Level 8.1(3.6) Long Blades
 - Level 0.8(0.0) Throwing
 - Level 0.7(0.0) Armour
 - Level 1.5(0.0) Dodging
 - Level 2.0(0.0) Spellcasting
 + Level 3.2(0.0) Translocations


You had 3 spell levels left.
You knew the following spells:

 Your Spells              Type           Power        Failure   Level  Hunger
a - Blink                 Tloc           N/A          38%         2    ###....
b - Shroud of Golubria    Chrm/Tloc      #.........   38%         2    ###....
c - Lesser Beckoning      Tloc           #.........   63%         3    ####...

Your spell library contained the following spells:

 Spells                   Type           Power        Failure   Level  Hunger
 Gell's Gravitas          Tloc           #.........   63%         3    ####...
 Teleport Other           Tloc           #.......     63%         3    ####...
 Passage of Golubria      Tloc           N/A          95%         4    #####..


Dungeon Overview and Level Annotations

Branches:
Dungeon (4/15)
 Temple: D:4-7

Altars:
Ashenzari
Trog
Xom

Annotations:
D:3 Eustachio


Innate Abilities, Weirdness & Mutations

You cannot wear boots.
Your serpentine skin is tough. (AC +2)
You have supernaturally acute eyesight. (SInv)
Armour fits poorly on your strangely shaped body.
Your system is resistant to poisons. (rPois)
You cover ground very slowly.
You have a slow metabolism.
You can spit poison.
You are partially covered in rugged brown scales. (AC +1, +3% HP)


Message History

Eustachio blinks!
The rat barely misses you.
You hit the rat.
You kill the rat!
The rat's corpse disappears in a puff of smoke!
The bat hits you but does no damage. The bat hits you.
* * * LOW HITPOINT WARNING * * *
Eustachio gestures wildly while chanting.
Eustachio blinks!
You see here a sling bullet.
The river rat completely misses you.
You riposte.
You barely miss the river rat.
There is a stone staircase leading down, spattered with blood here.
As you read the scroll of teleportation, it crumbles to dust.
You feel strangely unstable. The river rat bites you.
* * * LOW HITPOINT WARNING * * *
You hit the river rat but do no damage. The river rat bites you.
* * * LOW HITPOINT WARNING * * *
The river rat bites you.
You die...

#......# #......#
########......##########
......##...............#
.####.##...............#
...##.##...............#
....#.##......##########
....#.##.....(####
_.....รท).(...brr@#
....#.)#.....(####
....#.##......#
...##.#.......#
.####.#.......#
......#..@....##
....###........#
#.#.###..#####.#
..#..##..#.....#


You could see 2 river rats and a bat.

Vanquished Creatures
  Sigmund (D:2)
  A centaur (D:4)
  A bullfrog (D:3)
  2 scorpions (D:4)
  A hound (D:4)
  2 orc wizards (D:3)
  An orc priest (D:4)
  Natasha (thrice) (D:2)
  2 worker ants (D:4)
  Robin (D:2)
  3 gnolls (D:4)
  An ooze (D:4)
  A worm (D:2)
  3 dart slugs
  4 leopard geckos
  10 orcs
  4 bats
  A giant cockroach (D:4)
  15 goblins
  10 hobgoblins
  5 jackals
  A quokka (D:2)
  2 ball pythons
  4 frilled lizards
  8 kobolds
  A leopard gecko skeleton (D:4)
  5 rats
93 creatures vanquished.

Notes
Turn   | Place    | Note
-------+----------+-------------------------------------------
     0 | D:1      | Oravi the Naga Warper began the quest for the Orb.
     0 | D:1      | Reached XP level 1. HP: 19/19 MP: 3/3
   494 | D:1      | Reached XP level 2. HP: 11/26 MP: 5/5
   498 | D:1      | Learned a level 2 spell: Blink
   501 | D:1      | Learned a level 2 spell: Shroud of Golubria
   793 | D:1      | Reached skill level 3 in Long Blades
  1047 | D:1      | Reached XP level 3. HP: 18/32 MP: 6/6
  1712 | D:2      | Noticed Natasha
  1722 | D:2      | Killed Natasha
  1722 | D:2      | Reached skill level 4 in Long Blades
  1722 | D:2      | Reached XP level 4. HP: 20/39 MP: 7/7
  1798 | D:2      | Noticed Natasha
  1810 | D:2      | Killed Natasha
  2114 | D:2      | Noticed Robin
  2132 | D:2      | Killed Robin
  2132 | D:2      | Reached skill level 5 in Long Blades
  2132 | D:2      | Reached XP level 5. HP: 37/45 MP: 8/8
  2166 | D:2      | Found a shattered altar of Ashenzari.
  2166 | D:2      | Noticed Sigmund
  2166 | D:2      | Noticed Natasha
  2178 | D:2      | Killed Sigmund
  2178 | D:2      | Reached skill level 6 in Long Blades
  2178 | D:2      | Reached XP level 6. HP: 47/52 MP: 9/9
  2181 | D:2      | Killed Natasha
  2751 | D:3      | Found a shimmering altar of Xom.
  2808 | D:3      | Reached skill level 7 in Long Blades
  2813 | D:3      | Learned a level 3 spell: Lesser Beckoning
  2984 | D:3      | Reached XP level 7. HP: 31/60 MP: 10/10
  3180 | D:3      | Found a bloodstained altar of Trog.
  3577 | D:4      | Gained mutation: You are partially covered in rugged brown
                  | scales. (AC +1, +3% HP) [potion of mutation]
  3588 | D:4      | HP: 3/61 [centaur (4)]
  4393 | D:4      | Reached skill level 8 in Long Blades
  4671 | D:4      | Noticed Eustachio
  4734 | D:3      | HP: 1/63 [river rat[Eustachio] (4)]
  4735 | D:3      | Slain by a river rat

Skill      XL: |  1  2  3  4  5  6  7 |
---------------+----------------------+-----
Long Blades    | 3 4 5 6 7 8 |  8.1
Fighting       | 3 |  3.4
Throwing       | |  0.8
Armour         | |  0.7
Dodging        | |  1.5
Spellcasting   | |  2.0
Translocations | |  3.2

Action                   |  1- 3 |  4- 6 |  7- 9 || total
-------------------------+-------+-------+-------++-------
Melee: Falchion          |    54 |    75 |   121 ||   250
 Fire: Hunting sling     |     9 |    71 |    51 ||   131
Throw: Stone             |     2 |       |       ||     2
 Cast: Shroud of Golubri |     1 |       |     8 ||     9
 Abil: Spit Poison       |    16 |     8 |    11 ||    35
  Use: Scroll            |     1 |     4 |     2 ||     7
       Potion            |       |       |     5 ||     5
  Eat: Chunk             |     1 |     5 |     6 ||    12
Armor: Leather armour    |     5 |    15 |       ||    20
       Animal skin       |       |    13 |    27 ||    40
Dodge: Dodged            |    33 |    50 |    56 ||   139
       Rpst.: Falchion   |    11 |    10 |    12 ||    33
